 Dungeon Crawl Stone Soup version 0.30.0-10-gfe55d96785 (webtiles) character file.

Game seed: 10840624885391068307

62 MacCMillion the Digger (level 4, 0/24 HPs)
             Began as a Gargoyle Earth Elementalist on May 16, 2023.
             Killed from afar by Ijyb (4 damage)
             ... with a bolt of light
             ... on level 3 of the Dungeon.
             The game lasted 00:04:49 (2036 turns).

MacCMillion the Digger (GrEE)                       Turns: 2036, Time: 00:04:50

Health: 0/24       AC:  8    Str: 12    XL:     4   Next: 8%
Magic:  4/7        EV: 11    Int: 17    God:
Gold:   113        SH:  0    Dex: 10    Spells: 3/7 levels left

rFire   . . .        p - +2 dagger (speed)
rCold   . . .        (no shield)
rNeg    + . .        a - +0 robe
rPois   ∞            (no helmet)
rElec   +            (no cloak)
rCorr   .            r - +1 pair of gloves {Stlth+}
SInv    .            m - +0 pair of boots
Will    .....        (no amulet)
Stlth   ++           (no ring)
HPRegen 0.24/turn    (no ring)
MPRegen 0.10/turn

%: no passive effects
@: confused
A: sickness immunity, AC +3, negative energy resistance 1, electricity
resistance, torment resistance 1, petrification resistance
a: no special abilities


You were on level 3 of the Dungeon.
You visited 1 branch of the dungeon, and saw 3 of its levels.

You collected 113 gold pieces.

Inventory:

Hand Weapons
 k - a +0 dagger
 p - a +2 dagger of speed (weapon)
Armour
 a - a +0 robe (worn)
 m - a +0 pair of boots (worn)
 r - a +1 pair of gloves of stealth (worn)
Scrolls
 c - 3 scrolls of magic mapping {unknown}
 d - 2 scrolls of teleportation {unknown}
 e - a scroll of enchant weapon {unknown}
 g - a scroll of identify {unknown}
 l - a scroll of poison {unknown}
 o - a scroll of noise {unknown}
 q - a scroll of vulnerability {unknown}
 t - a scroll of torment {unknown}
Potions
 b - a potion of magic
 f - a potion of brilliance {unknown}
 h - 2 potions of haste {unknown}
 i - a potion of attraction {unknown}
 n - a potion of flight {unknown}
 s - a potion of heal wounds {unknown}


   Skills:
 - Level 1.5 Dodging
 - Level 2.1 Stealth
 + Level 2.3 Spellcasting
 + Level 1.2 Conjurations
 - Level 0.7 Transmutations
 + Level 5.2 Earth Magic


You had 3 spell levels left.
You knew the following spells:

 Your Spells              Type           Power      Damage    Failure   Level
a - Sandblast             Erth           38%        2d10      2%          1
b - Stone Arrow           Conj/Erth      26%        3d8       14%         3

Your spell library contained the following spells:

 Spells                   Type           Power      Damage    Failure   Level
 Passwall                 Tmut/Erth      10%        N/A       9%          2
 Slow                     Hex            8%         N/A       19%         1
 Confusing Touch          Hex            2%         N/A       50%         3
 Ozocubu's Armour         Ice            2%         N/A       50%         3
 Vampiric Draining        Necr           2%         2d6       50%         3
 Petrify                  Tmut/Erth      12%        N/A       47%         4
 Metabolic Englaciation   Hex/Ice        1%         N/A       99%         5
 Simulacrum               Ice/Necr       1%         N/A       100%        6


Dungeon Overview and Level Annotations

Branches:
Dungeon (3/15)

Altars:
Xom

Shops:
D:2 :

Annotations:
D:3 Ijyb


Innate Abilities, Weirdness & Mutations

You are immune to sickness and miasma.
Your stone body is resilient. (AC +3)
You are immune to poison.
You resist negative energy. (rN+)
You are resistant to electric shocks. (rElec)
You are resistant to unholy torment.
You are immune to petrification.


Message History

t - a scroll labelled QODETZ KIADUTA You drop a +0 pair of gloves.
You open the door.
A kobold comes into view. It is wielding a +0 short sword.
A kobold is nearby!
There is an open door here.
The blast of sand hits the kobold!
You kill the kobold!
An orc comes into view. It is wielding a +0 flail.
An orc is nearby!
An orc comes into view. It is wielding a +0 club.
You can't see any susceptible monsters within range! (Use Z to cast anyway.)
An orc comes into view. It is wielding a +0 short sword.
The blast of sand hits the orc.
The orc is almost dead.
The orc shouts!
You hear a shout! x2; The orc shouts!
The blast of sand hits the orc!
You kill the orc!
You have reached level 4!
You feel stronger. The orc barely misses you.
The blast of sand misses the orc.
The blast of sand hits the orc!
You kill the orc!
The orc closely misses you.
Ijyb the Twisted Goblin comes into view.
She is wielding a +0 dagger and carrying a wand of light (10).
The orc closely misses you.
The blast of sand hits the orc!
You kill the orc!
The blast of sand misses Ijyb.
Ijyb screams, "Me kill you!"
Okay, then.
You see here a +0 pair of gloves.
Ijyb zaps a wand.
The bolt of light hits you!
Ouch! That really hurt!
Ijyb zaps a wand.
The bolt of light hits you!
* * * LOW HITPOINT WARNING * * *
Unknown command.
Ijyb zaps a wand.
The bolt of light hits you.
You are confused.
You die...

.....#...#.....#.....
#...#....#....#....#...
......#...#.....#...#.
##.#.#.......#.#).†....
###.......#.#.......#.#..
#.<.#...#.....#...#......
#.....#....#.g..#..†.#.#.
#...#...#.....#...#.....#
#.......@.#.#.......#.#.#
#....#.#.......#.#.......
#........#...#.....#...#.
#.....#....#....#....#...
###......#...#.....#...#.
#..#.#.......#.#.......
##.......#.#.......#.#.#
#..#...#.....#...#.....#
#....#....#....#....#.##


You could see Ijyb.

Vanquished Creatures
  An adder (D:2)
  2 dart slugs
  3 orcs (D:3)
  5 ball pythons
  3 bats
  2 endoplasms (D:1)
  3 giant cockroaches
  4 goblins
  6 hobgoblins
  4 kobolds
  4 quokkas
  2 frilled lizards (D:1)
  A rat (D:2)
40 creatures vanquished.

Notes
Turn   | Place    | Note
-------+----------+-------------------------------------------
     0 | D:1      | MacCMillion the Gargoyle Earth Elementalist began the quest
                  | for the Orb.
     0 | D:1      | Reached XP level 1. HP: 10/10 MP: 3/3
   342 | D:1      | Reached skill level 4 in Earth Magic
   378 | D:1      | Reached XP level 2. HP: 15/15 MP: 3/5
   874 | D:2      | Reached XP level 3. HP: 19/19 MP: 4/6
   878 | D:2      | Learned a level 3 spell: Stone Arrow
   962 | D:2      | Reached skill level 5 in Earth Magic
  1024 | D:2      | Found a faded altar of an unknown god.
  1314 | D:2      | Found Doamuyxo's Book Shoppe.
  1404 | D:2      | Found a shimmering altar of Xom.
  1874 | D:3      | Reached skill level 1 in Conjurations
  2010 | D:3      | Reached XP level 4. HP: 24/24 MP: 4/7
  2012 | D:3      | Noticed Ijyb
  2036 | D:3      | Killed from afar by Ijyb

Illustrated notes

Levels and vault maps discovered:
D:1:      minmay_arrival_widening_spiral_narrow, layout_rooms,
          hangedman_feature_mirror, chequers_decorated_corner, hex_large
D:2:      layout_loops_corners, basic_altar, ebering_ecumenical_altar_petrified,
          serial_shops, nicolae_shop_crystal
D:3:      layout_loops_ring, nicolae_kite_square_tiling_tiny,
          minmay_quadrilaterals, uniq_jessica, uniq_grinder, uniq_ijyb

Skill      XL: |  1  2  3 |
---------------+----------+-----
Earth Magic    | 4 5 |  5.2
Conjurations   | 1 |  1.2
Dodging        | |  1.5
Stealth        | |  2.1
Spellcasting   | |  2.3
Transmutations | |  0.7

Action                     |  1- 3 |  4- 6 || total
---------------------------+-------+-------++-------
   Cast: Sandblast         |    51 |     3 ||    54
 Armour: Robe              |     3 |       ||     3
  Dodge: Dodged            |     4 |     3 ||     7
